Construct Section Command Post
Selects Australian Defense Battlegroup
Selects Australian Light Infantry Section
Australian Light Infantry Section
Australian Light Infantry Section
Selects 2-pounder Anti-tank Gun Team
2-pounder Anti-tank Gun Team
Construct Platoon Command Post
6-pounder Anti-tank Gun Team
Construct Field Infirmary
Selects Vehicle Over Repair
Construct Company Command Post
Unlock M3 Grant Medium Tanks
Selects CMP 15cwt Supply Run
Selects Reinforced Resource Caches
Selects Archer Tank Destroyer